 Dungeon Crawl Stone Soup version 0.27.1-3-gb3d3a73c9e (webtiles) character file.

Game seed: 113942885047439236

7620 workbot the Slicer (level 10, 0/81 (91) HPs)
             Began as a Minotaur Berserker on Oct 14, 2021.
             Was a High Priest of Trog.
             Succumbed to a cane toad's poison
             ... on level 8 of the Dungeon.
             The game lasted 00:30:15 (7824 turns).

workbot the Slicer (Minotaur Berserker)             Turns: 7824, Time: 00:30:16

HP:   0/81 (91)     AC: 20    Str: 25    XL:     10   Next: 98%
MP:   9/9           EV: 10    Int:  4    God:    Trog [*****.]
Gold: 490           SH:  0    Dex: 10    Spells: 9/9 levels left

rFire    + . .     SeeInvis .   g - +5 short sword
rCold    . . .     Faith    .   (no shield)
rNeg     . . .     Spirit   .   h - +2 chain mail {rF+}
rPois    .         Reflect  .   (helmet restricted)
rElec    .         Harm     .   m - +0 cloak
rCorr    .         Rampage  .   (no gloves)
Will     .....     Rnd*Tele +   l - +0 pair of boots
Stlth    ..........             e - amulet of regeneration
HPRegen  1.23/turn              i - +4 ring of protection
MPRegen  0.11/turn              (no ring)

@: lethally poisoned (0 -> -7), about to teleport, studying Short Blades,
heavily drained
A: horns 2, retaliatory headbutt, sense surroundings 1, teleportitis 1, wild
magic 1
a: Renounce Religion, Berserk, Trog's Hand, Brothers in Arms


You were on level 8 of the Dungeon.
You worshipped Trog.
Trog was extremely pleased with you.
You visited 3 branches of the dungeon, and saw 11 of its levels.

You collected 490 gold pieces.

Inventory:

Hand Weapons
 g - a +5 short sword (weapon)
Armour
 h - a +2 chain mail of fire resistance (worn)
 l - a +0 pair of boots (worn)
 m - a +0 cloak (worn)
Jewellery
 e - an amulet of regeneration (around neck)
 i - a +4 ring of protection (left hand)
Scrolls
 d - 8 scrolls of identify
 f - 3 scrolls of teleportation
Potions
 c - 4 potions of curing
 j - a potion of heal wounds


   Skills:
 + Level 9.2 Fighting
 * Level 13.1(13.5) Short Blades
 - Level 5.6(10.9) Long Blades
 + Level 10.4 Armour
 + Level 4.5 Dodging
 - Level 1.2 Stealth


You had 9 spell levels left.
You didn't know any spells.
Your spell library contained the following spells:

 Spells                   Type           Power      Damage    Failure   Level
 Animate Skeleton         Necr           0%         N/A       97%         1
 Apportation              Tloc           0%         N/A       97%         1
 Corona                   Hex            0%         N/A       97%         1
 Summon Small Mammal      Summ           0%         N/A       97%         1
 Corpse Rot               Necr/Air       N/A        N/A       99%         2
 Call Canine Familiar     Summ           0%         N/A       100%        3
 Portal Projectile        Hex/Tloc       0%         N/A       100%        3
 Dispel Undead            Necr           0%         3d6       100%        4
 Leda's Liquefaction      Hex/Erth       0%         N/A       100%        4
 Death Channel            Necr           0%         N/A       100%        6


Dungeon Overview and Level Annotations

Branches:
Dungeon (9/15)             Temple (1/1) D:5            Lair (1/6) D:8
    Orc: D:9-12

Altars:
Dithmenos
Sif Muna
Uskayaw

Shops:
D:2 :   D:8 *


Innate Abilities, Weirdness & Mutations

You have a pair of horns on your head.
You reflexively headbutt those who attack you in melee.
You passively map a small area around you.
You are occasionally teleported next to monsters.
Your spells are a little harder to cast, but a little more powerful.


Message History

The hell rat bites you.
You feel drained. The hell rat bites you.
You hit the hell rat but do no damage. Your headbutt misses the hell rat.
The hell rat is heavily wounded.
The hell rat barely misses you. You furiously retaliate!
You headbutt the hell rat, but do no damage.
The hell rat bites you.
You puncture the hell rat!
You kill the hell rat!
Trog accepts your kill.
The cane toad stings you but does no damage.
The hell rat completely misses you. The hell rat bites you.
You feel drained. The hell rat misses you. You furiously retaliate!
You headbutt the hell rat. The cane toad stings you!
The hell rat barely misses you. The hell rat closely misses you.
You climb upwards.
Welcome back to the Dungeon!
There is a staircase to the Lair here.
You are too injured to fight recklessly!
You are too injured to fight recklessly!
Hit: g) +5 short sword
Press: ? - help, Dir - move target, f - hell rat
Aim: a hell rat (lightly wounded, about 27% to evade your +5 short sword)
You hit the hell rat but do no damage.
The hell rat is lightly wounded.
The hell rat bites you. The cane toad stings you!
You are poisoned.
The cane toad poisons you!
The hell rat bites you but does no damage.
The hell rat closely misses you.
As you read the scroll of teleportation, it crumbles to dust.
You feel strangely unstable.
You feel very sick. The hell rat barely misses you. The cane toad stings you!
* * * LOW HITPOINT WARNING * * *
The hell rat bites you!
* * * LOW HITPOINT WARNING * * *
You feel drained.
* * * LOW HITPOINT WARNING * * *
The hell rat bites you.
* * * LOW HITPOINT WARNING * * *
You die...

†.....# #.##.#........... ......#
##.##.#........... #####.# ###
##...###........... ....#.# #.#
##.....##..#........ ###.#.## #.#
#.......#..#.....##. ..#.#..#
#.###....P..#..#.....##. #.#)#..#
#.##...........#.....##.
#.#.#..###......r.......#.....##.
#.#.#...........@>..........####.
#.#.#..###......rFr..............
.#.#.....#..#...............####.
.#.#..##.#..##..P....#......# #.
.#.#........##....P.[#......# #.
.#(#...####.###.....##..#+#.# ##
.#.#...# #.####...###......#
##.#..#####.#........#.#..###
...#........#†.#######.#..##### #


You could see a cane toad and 3 hell rats.

Vanquished Creatures
  Gastronok (D:9)
  2 two-headed ogres
  A centaur warrior (D:8)
  An elephant (D:8)
  A cane toad (D:8)
  A troll (D:8)
  Prince Ribbit (D:5)
  A wyvern (D:8)
  A steam dragon (D:8)
  2 water moccasins
  An acid dragon (D:8)
  An orc warrior (D:7)
  2 sky beasts
  4 black bears
  4 centaurs
  A kobold brigand (D:7)
  3 bullfrogs
  A wyvern zombie (D:6)
  A wyvern skeleton (D:6)
  A water moccasin zombie (D:5)
  4 wights (D:7)
  3 howler monkeys
  A centaur zombie (D:8)
  A bullfrog zombie (D:5)
  4 hounds
  2 orc priests
  A jelly (D:7)
  2 centaur skeletons
  2 gnoll shamans
  Jessica (D:3)
  3 iguanas
  Terence (D:2)
  Ijyb (D:3)
  3 orc wizards
  3 hell rats
  2 hound skeletons
  Robin (D:3)
  12 gnolls
  6 adders
  A white imp (D:5)
  2 worms
  2 dart slugs
  20 orcs
  4 ball pythons
  8 bats
  3 endoplasms
  7 giant cockroaches
  13 goblins
  10 hobgoblins
  2 quokkas
  7 frilled lizards
  7 kobolds
  5 rats
175 creatures vanquished.

Notes
Turn   | Place    | Note
-------+----------+-------------------------------------------
     0 | D:1      | workbot the Minotaur Berserker began the quest for the Orb.
     0 | D:1      | Reached XP level 1. HP: 19/19 MP: 0/0
   167 | D:1      | Reached XP level 2. HP: 23/27 MP: 1/1
   870 | D:2      | Reached XP level 3. HP: 22/33 MP: 2/2
   870 | D:2      | Reached ** piety under Trog
  1089 | D:2      | Reached XP level 4. HP: 39/41 MP: 3/3
  1107 | D:2      | Found Jigei's Book Shoppe.
  1155 | D:2      | Gained mutation: You are occasionally teleported next to
                  | monsters. [potion of mutation]
  1155 | D:2      | Gained mutation: You passively map a small area around you.
                  | [potion of mutation]
  1155 | D:2      | Gained mutation: Your spells are a little harder to cast,
                  | but a little more powerful. [potion of mutation]
  1202 | D:2      | Found a faded altar of an unknown god.
  1221 | D:2      | Noticed Terence
  1232 | D:2      | Killed Terence
  1233 | D:2      | Reached skill level 5 in Long Blades
  1237 | D:2      | Reached skill level 1 in Stealth
  2121 | D:3      | Reached XP level 5. HP: 47/47 MP: 4/4
  2210 | D:3      | Noticed Jessica
  2220 | D:3      | Killed Jessica
  2320 | D:3      | Noticed Ijyb
  2328 | D:3      | Killed Ijyb
  2838 | D:3      | Reached skill level 5 in Fighting
  2845 | D:3      | Reached *** piety under Trog
  2847 | D:3      | Noticed Robin
  2854 | D:3      | Killed Robin
  3148 | D:4      | Reached skill level 1 in Short Blades
  3148 | D:4      | Reached XP level 6. HP: 54/56 MP: 5/5
  4064 | D:5      | Entered Level 5 of the Dungeon
  4064 | D:5      | Noticed Prince Ribbit
  4064 | D:5      | Found a shimmering blue altar of Sif Muna.
  4071 | D:5      | Reached skill level 2 in Short Blades
  4126 | D:4      | Reached skill level 3 in Short Blades
  4130 | D:4      | Reached XP level 7. HP: 43/61 MP: 6/6
  4204 | D:5      | Reached skill level 4 in Short Blades
  4245 | D:5      | Reached skill level 5 in Armour
  4296 | D:5      | Killed Prince Ribbit
  4297 | D:5      | Reached skill level 5 in Short Blades
  4343 | D:5      | Noticed a +0 falchion
  4343 | D:5      | Noticed a +0 spear
  4343 | D:5      | Noticed a +0 short sword
  4345 | D:5      | Noticed a +0 dagger
  4346 | D:5      | Noticed a +0 spear
  4347 | D:5      | Noticed a +0 short sword
  4423 | D:5      | Reached **** piety under Trog
  4442 | D:5      | Found a staircase to the Ecumenical Temple.
  4531 | D:5      | Found a shadowy altar of Dithmenos.
  4637 | D:5      | Reached XP level 8. HP: 70/70 MP: 7/7
  4905 | D:5      | Noticed a +0 falchion
  4918 | D:5      | Found a hide-covered altar of Uskayaw.
  4921 | D:5      | Noticed a +0 dagger
  5386 | Temple   | Entered the Ecumenical Temple
  5412 | D:6      | Reached skill level 6 in Short Blades
  5560 | D:6      | Reached skill level 7 in Short Blades
  5861 | D:6      | Reached skill level 8 in Short Blades
  6038 | D:7      | Reached XP level 9. HP: 77/77 MP: 8/8
  6210 | D:7      | Reached skill level 9 in Short Blades
  6625 | D:8      | Noticed a centaur warrior
  6641 | D:8      | Killed a centaur warrior
  6642 | D:8      | Reached skill level 10 in Short Blades
  6741 | D:8      | Noticed a troll
  6750 | D:8      | Killed a troll
  6772 | D:8      | Noticed a two-headed ogre
  6786 | D:8      | Killed a two-headed ogre
  6787 | D:8      | Reached XP level 10. HP: 36/88 MP: 9/9
  6798 | D:8      | Reached skill level 11 in Short Blades
  6884 | D:8      | Found a staircase to the Lair.
  6900 | D:8      | Noticed an elephant
  6921 | D:8      | Killed an elephant
  6992 | D:8      | Found Mopty's Island Escapes.
  7329 | D:8      | Identified a scroll of acquirement
  7329 | D:8      | Acquired a manual of Short Blades
  7666 | D:9      | Noticed Gastronok
  7690 | D:9      | Killed Gastronok
  7691 | D:9      | Reached skill level 12 in Short Blades
  7691 | D:9      | Reached skill level 10 in Armour
  7735 | D:9      | Reached ***** piety under Trog
  7746 | D:9      | Noticed a two-headed ogre
  7753 | D:9      | Killed a two-headed ogre
  7754 | D:9      | Reached skill level 13 in Short Blades
  7793 | Lair:1   | Entered Level 1 of the Lair of Beasts
  7793 | Lair:1   | Noticed a cane toad
  7805 | D:8      | Killed a cane toad
  7812 | Lair:1   | Noticed a cane toad
  7823 | D:8      | HP: 3/81 [hell rat (3)]
  7824 | D:8      | Succumbed to a cane toad's poison

Illustrated notes

Levels and vault maps discovered:
D:1:      mrwooster_arrival_statue_2, layout_basic, minmay_bisected
D:2:      layout_basic, serial_shops, shop, ebering_ecumenical_altar_mist,
          uniq_terence
D:3:      layout_basic, uniq_jessica, uniq_robin, uniq_ijyb
D:4:      layout_loops_ring, serial_rivers, chequers_serial_rivers_room_a,
          chequers_serial_rivers_small_a, chequers_serial_rivers_small_b,
          chequers_serial_rivers_large_b, chequers_serial_rivers_micro_c
D:5:      layout_layer_cave, mainiacjoe_overflow_catwalk,
          nicolae_uskayaw_en_pointe, led_sif_book,
          minmay_temple_entry_proselytizer, uniq_prince_ribbit1
D:6:      layout_basic
D:7:      layout_loops_ring, chequers_serial_rivers_marsh
D:8:      minmay_distorted_concentric_squares, layout_basic, david_lair_generic,
          minivault_19, nicolae_island_escapes
D:9:      layout_rooms, minmay_misc_feat_nine_boxes, hellmonk_bongcloud_opening,
          uniq_gastronok
Temple:   dpeg_five_rooms_temple
Lair:1:   layout_small_grid, basic_altar, infiniplex_staircase_pool,
          lemuel_fruit_fields

Skill      XL: |  1  2  3  4  5  6  7  8  9 10 |
---------------+-------------------------------+-----
Fighting       | 4 5 6 7 9 |  9.2
Long Blades    | 4 5 |  5.6
Stealth        | 1 |  1.2
Armour         | 3 4 5 6 8 10 | 10.4
Dodging        | 3 4 |  4.5
Short Blades   | 1 3 5 8 10 13 | 13.1

Action                   |  1- 3 |  4- 6 |  7- 9 | 10-12 || total
-------------------------+-------+-------+-------+-------++-------
Melee: Falchion          |    67 |    67 |       |       ||   134
       Headbutt          |    12 |    35 |    49 |    31 ||   127
       Short sword       |       |   110 |   217 |   102 ||   429
Invok: Berserk           |     1 |     1 |     2 |     1 ||     5
       Trog's Hand       |       |     1 |       |       ||     1
  Use: Potion            |     3 |     2 |     4 |       ||     9
       Scroll            |     2 |     4 |     3 |     5 ||    14
 Stab: Sleeping          |     2 |       |       |       ||     2
Armor: Animal skin       |    11 |       |       |       ||    11
       Ring mail         |     2 |    29 |       |       ||    31
       Chain mail        |       |    84 |   122 |    43 ||   249
Dodge: Dodged            |    32 |    78 |    92 |    44 ||   246
       Rpst.: Falchion   |    11 |     9 |       |       ||    20
